 Dungeon Crawl Stone Soup version 0.29-a0-451-gfbfa42419e (webtiles) character file.

Game seed: 9819612008705740876

203 bande the Covered (level 5, 0/33 HPs)
             Began as a Gargoyle Fighter on May 20, 2022.
             Slain by an iguana (4 damage)
             ... on level 4 of the Dungeon.
             The game lasted 00:05:55 (3236 turns).

bande the Covered (Gargoyle Fighter)                Turns: 3236, Time: 00:05:57

Health: 0/33       AC: 15    Str: 19    XL:     5   Next: 81%
Magic:  5/5        EV:  5    Int:  9    God:
Gold:   184        SH:  0    Dex: 11    Spells: 4/4 levels left

rFire   . . .      SeeInvis .   a - +0 war axe
rCold   . . .      Faith    .   c - +1 buckler
rNeg    + . .      Spirit   .   k - +0 plate armour
rPois   ∞          Reflect  .   (no helmet)
rElec   +          Harm     .   (no cloak)
rCorr   .          Rampage  .   (no gloves)
Will    .....                   (no boots)
Stlth   ..........              (no amulet)
HPRegen 0.11/turn               f - +4 ring of slaying
MPRegen 0.09/turn               (no ring)

@: confused
A: sickness immunity, AC +4, negative energy resistance 1, electricity
resistance, torment resistance 1, petrification resistance
a: no special abilities


You were on level 4 of the Dungeon.
You visited 1 branch of the dungeon, and saw 4 of its levels.

You collected 184 gold pieces.

Inventory:

Hand Weapons
 a - a +0 war axe (weapon)
 j - a +0 war axe
 s - a +0 flail
Missiles
 q - a throwing net (quivered)
Armour
 c - a +1 buckler (worn)
 k - a +0 plate armour (worn)
Jewellery
 f - a +4 ring of slaying (left hand)
 r - a ring of wizardry
Wands
 n - a wand of polymorph (9)
Scrolls
 b - 2 scrolls of identify
 e - a scroll of fear
 h - a scroll of teleportation
Potions
 d - 3 potions of might
 g - a potion of ambrosia {unknown}
 i - a potion of brilliance {unknown}
 l - a potion of heal wounds {unknown}
 m - 2 potions of curing
 o - 3 potions of resistance {unknown}
 p - 2 potions of degeneration {unknown}
 t - a potion of invisibility {unknown}


   Skills:
 + Level 3.8 Fighting
 + Level 3.8 Axes
 + Level 4.2 Armour
 - Level 0.1 Dodging
 + Level 3.8 Shields
 * Level 1.2 Evocations


You had 4 spell levels left.
You didn't know any spells.
Your spell library contained the following spells:

 Spells                   Type           Power      Damage    Failure   Level
 Apportation              Tloc           0%         N/A       100%        1
 Shock                    Conj/Air       0%         1d3       100%        1
 Summon Small Mammal      Summ           0%         N/A       100%        1
 Call Canine Familiar     Summ           0%         N/A       100%        3
 Summon Guardian Golem    Hex/Summ       0%         N/A       100%        3
 Swiftness                Air            0%         N/A       100%        3
 Airstrike                Air            0%         N/A       100%        4
 Alistair's Intoxication  Tmut/Pois      0%         N/A       100%        5
 Summon Forest            Summ/Tloc      0%         N/A       100%        5
 Eringya's Noxious Bog    Tmut/Pois      0%         N/A       100%        6
 Summon Hydra             Summ           0%         N/A       100%        7


Dungeon Overview and Level Annotations

Branches:
Dungeon (4/15)
 Temple: D:4-7

Altars:
Zin


Innate Abilities, Weirdness & Mutations

You are immune to sickness and miasma.
Your stone body is resilient. (AC +4)
You are immune to poison.
You resist negative energy. (rN+)
You are resistant to electric shocks. (rElec)
You are resistant to unholy torment.
You are immune to petrification.


Message History

The orc priest hits you but does no damage.
The orc wizard gestures at you while chanting.
The magic dart hits you.
You barely miss the orc priest.
The orc priest is moderately wounded.
The orc priest hits you but does no damage.
You slash the orc priest!
The orc priest is almost dead.
You closely miss the orc wizard.
The orc priest hits you but does no damage.
The orc wizard hits you but does no damage.
The orc priest closely misses you. You block the iguana's attack.
The orc wizard hits you but does no damage.
You slash the orc wizard!
The orc wizard is heavily wounded.
You barely miss the orc priest. You hit the iguana.
You block the iguana's attack.
The orc priest hits you but does no damage.
The orc wizard points at you and mumbles some strange words.
You are confused.
You miss the orc wizard.
The orc wizard is heavily wounded.
You closely miss the iguana. You miss the orc priest. The iguana bites you!
* * * LOW HITPOINT WARNING * * *
The orc priest hits you but does no damage.
The orc wizard hits you but does no damage.
Unknown command.
Unknown command.
The iguana barely misses you.
The orc wizard gestures wildly while chanting.
The orc wizard flickers and vanishes!
Deactivating autopickup; reactivate with Ctrl-A.
You hit the iguana.
The iguana is heavily wounded.
You slash the orc priest!
You kill the orc priest!
The iguana bites you.
* * * LOW HITPOINT WARNING * * *
The iguana bites you.
You die...

.......# .......# .....
#......# #....####
#......# #........
#......# #.......
.....### #.......
....#### #....#
.......##########)...###
................@l.$...#
................<...)..#
####..............##...#
..####'##.........#
##!....
#.####.##.........###
....
#.#....##...........#
...
#.#.#########.......##
.. ..#.# #.. #........#
# ....# #...###........#


You could see an iguana.

Vanquished Creatures
  A scorpion (D:4)
  An orc priest (D:4)
  4 gnolls (D:4)
  4 adders
  2 worms (D:2)
  2 dart slugs
  7 orcs
  5 endoplasms
  3 giant cockroaches
  5 goblins
  2 hobgoblins
  A jackal (D:3)
  4 quokkas
  4 ball pythons
  5 bats
  3 kobolds (D:1)
  4 rats
57 creatures vanquished.

Notes
Turn   | Place    | Note
-------+----------+-------------------------------------------
     0 | D:1      | bande the Gargoyle Fighter began the quest for the Orb.
     0 | D:1      | Reached XP level 1. HP: 14/14 MP: 1/1
   415 | D:1      | Reached XP level 2. HP: 8/19 MP: 2/2
  1057 | D:2      | Reached XP level 3. HP: 11/23 MP: 3/3
  1361 | D:2      | Found a faded altar of an unknown god.
  1931 | D:3      | Found a glowing silver altar of Zin.
  2029 | D:3      | Identified a scroll of acquirement
  2029 | D:3      | Acquired a +4 ring of slaying
  2305 | D:3      | Reached XP level 4. HP: 24/28 MP: 4/4
  2798 | D:4      | Reached skill level 4 in Armour
  2885 | D:4      | Identified the +3 ring mail of the Evening Star {-Tele
                  | Rampage rN+ Str+6}
  2938 | D:4      | Reached XP level 5. HP: 31/33 MP: 5/5
  3014 | D:4      | Reached skill level 1 in Evocations
  3236 | D:4      | Slain by an iguana

Illustrated notes

Levels and vault maps discovered:
D:1:      minmay_arrival_checkered_box, layout_rooms, minmay_tetromino_s2
D:2:      layout_loops_ring, ebering_ecumenical_altar_rust,
          minmay_splitting_lines
D:3:      layout_loops_ring, mainiacjoe_overflow_tiny_flanked
D:4:      cheibrodos_old_hovel, layout_basic, serial_shops,
          kennysheep_mini_moat, uniq_edmund, uniq_robin

Skill      XL: |  1  2  3  4  5 |
---------------+----------------+-----
Axes           | 2 3 |  3.8
Armour         | 4 |  4.2
Evocations     | 1 |  1.2
Fighting       | |  3.8
Dodging        | |  0.1
Shields        | |  3.8

Action                   |  1- 3 |  4- 6 || total
-------------------------+-------+-------++-------
Melee: War axe           |   112 |    56 ||   168
  Use: Scroll            |     9 |     1 ||    10
Armor: Scale mail        |    75 |       ||    75
       Plate armour      |     5 |    69 ||    74
Dodge: Dodged            |    57 |    20 ||    77
Block: Buckler           |    29 |    23 ||    52

Table legend: (Time is in decaauts)
 A = Elapsed time spent in this place.
 B = Non-inter-level travel time spent in this place.
 C = Inter-level travel time spent in this place.
 D = Time resting spent in this place.
 E = Time spent auto-exploring this place.
 F = Levels seen in this place.
 G = Mean time per level.
                   A        B        C        D        E       F      G
               +--------+--------+--------+--------+--------+-----+--------+
         Total |   3305 |   3255 |     50 |    598 |   1989 |   4 |  826.2 |
       Dungeon |   3305 |   3255 |     50 |    598 |   1989 |   4 |  826.2 |
               +--------+--------+--------+--------+--------+-----+--------+

Top non-repeatable levels by time:
     D:1: 1037 daAuts
     D:3: 969 daAuts
     D:2: 873 daAuts
     D:4: 424 daAuts
